 Dungeon Crawl Stone Soup version 0.28-a0-297-g99b01970c5 (webtiles) character file.

Game seed: 7063739949891105966

2 McIrco the Chopper (level 1, -2/14 (18) HPs)
             Began as a Human Cinder Acolyte on Aug 29, 2021.
             Was a High Priest of Ignis.
             Slain by a kobold (6 damage)
             ... on level 1 of the Dungeon.
             The game lasted 00:00:08 (92 turns).

McIrco the Chopper (Human Cinder Acolyte)             Turns: 92, Time: 00:00:09

HP:   -2/14 (18)    AC:  2    Str: 15    XL:     1   Next: 44%
MP:   2/2           EV: 11    Int: 13    God:    Ignis [*****.]
Gold: 0             SH:  0    Dex:  8    Spells: 1/2 levels left

rFire   + . .      SeeInvis .   a - -1 hand axe (flame)
rCold   . . .      Faith    .   (no shield)
rNeg    . . .      Spirit   .   b - +0 robe
rPois   .          Reflect  .   (no helmet)
rElec   .          Harm     .   (no cloak)
rCorr   .          Rampage  .   (no gloves)
Will    .....                   (no boots)
Stlth   +.........              (no amulet)
HPRegen 0.04/turn               (no ring)
MPRegen 0.08/turn               (no ring)

@: heavily drained
A: no striking features
a: Renounce Religion, Sea of Fire, Foxfire Swarm, Rising Flame


You were on level 1 of the Dungeon.
You worshipped Ignis.
Ignis was extremely pleased with you.
You visited 1 branch of the dungeon, and saw 1 of its levels.

Inventory:

Hand Weapons
 a - a -1 hand axe of flaming (weapon)
Armour
 b - a +0 robe (worn)


   Skills:
 + Level 3.0 Fighting
 + Level 3.1 Axes
 + Level 1.0 Spellcasting
 + Level 1.0 Fire Magic


You had one spell level left.
You knew the following spells:

 Your Spells              Type           Power      Damage    Failure   Level
a - Foxfire               Conj/Fire      4%         2x1d4     22%         1

Your spell library contained the following spells:

 Spells                   Type           Power      Damage    Failure   Level


Dungeon Overview and Level Annotations

Branches:
Dungeon (1/15)

Altars:


Message History

You hit the kobold. You burn the kobold.
You kill the kobold!
No target in view!
HP restored.
A kobold comes into view. It is wielding a +1 whip of draining.
The kobold shouts!
You hear a shout!
A hobgoblin comes into view.
A giant cockroach comes into view.
An endoplasm comes into view.
A goblin comes into view. It is wielding a +0 club.
The kobold barely misses you.
The goblin shouts!
You hit the kobold. You burn the kobold.
The kobold is severely wounded.
You barely miss the hobgoblin. The hobgoblin hits you.
The kobold hits you with a +1 whip of draining.
You feel drained.
You barely miss the kobold.
The kobold is severely wounded.
You hit the hobgoblin. You burn the hobgoblin.
The hobgoblin closely misses you.
A kobold comes into view. It is wielding a +0 dagger.
The kobold hits you with a +1 whip of draining.
You feel drained.
The kobold moves out of view.
The hobgoblin hits you.
The giant cockroach bites you but does no damage.
The kobold hits you with a +1 whip of draining.
* * * LOW HITPOINT WARNING * * *
You feel drained.
You barely miss the kobold.
The kobold is severely wounded.
The kobold hits you but does no damage.
You feel drained.
You barely miss the kobold.
The kobold is severely wounded.
The kobold misses you.
You closely miss the kobold.
The kobold is severely wounded.
The giant cockroach waves its antennae.
The kobold hits you with a +1 whip of draining.
You die...

###### ####### #....#
#.....### #....#
#.......# #....#
#.......# ####....####
#.......#
#.........B####.......#
..........ggK@..#......#
.......#...J###.#......#
##.#####....###..).....#
# #........#.......#.
+..................
#..................#
#........#...####..#
#........##..####..##
..................


You could see an endoplasm, a giant cockroach, a hobgoblin, a goblin and a
kobold.

Vanquished Creatures
  A giant cockroach (D:1)
  A kobold (D:1)
  A rat (D:1)
3 creatures vanquished.

Notes
Turn   | Place    | Note
-------+----------+-------------------------------------------
     0 | D:1      | McIrco the Human Cinder Acolyte began the quest for the
                  | Orb.
     0 | D:1      | Reached XP level 1. HP: 18/18 MP: 2/2
    92 | D:1      | Slain by a kobold

Illustrated notes

Levels and vault maps discovered:
D:1:      roderic_octagonal_star, layout_basic,
          shapermc_ecumenical_altar_flowoftime, roderic_serpentine_path

Action                   || total
-------------------------++-------
Melee: Hand axe          ||    10
Armor: Robe              ||     3
Dodge: Dodged            ||     4

Table legend: (Time is in decaauts)
 A = Elapsed time spent in this place.
 B = Non-inter-level travel time spent in this place.
 C = Inter-level travel time spent in this place.
 D = Time resting spent in this place.
 E = Time spent auto-exploring this place.
 F = Levels seen in this place.
 G = Mean time per level.
                   A        B        C        D        E       F      G
               +--------+--------+--------+--------+--------+-----+--------+
         Total |     93 |     93 |      0 |      0 |     63 |   1 |   93.0 |
       Dungeon |     93 |     93 |      0 |      0 |     63 |   1 |   93.0 |
               +--------+--------+--------+--------+--------+-----+--------+

Top non-repeatable levels by time:
     D:1: 93 daAuts
